Map: Thunderbird LE

Players

ShoWTimE - Winner!

  • Race: Protoss Protoss
  • Spawn Location: 11:00

NYK

  • Race: Zerg Zerg
  • Spawn Location: 5:00

VOD

Have the link to the VOD?

Description

Time

  • Played on: Sept. 6, 2019, 12:29 p.m.
  • Length: 11:32
Show
View Real Time Build Order
Export as new Build Order

ShoWTimE Protoss - Winner!

Build Orders: 1 Gate Expand, Oracle Opening, Phoenix Opening, Archon Immortal 

Get SALT Encoding   

  12  0:00  Probe  
  13  0:12  Probe  
  14  0:19  Pylon  
  14  0:24  Probe  
  15  0:33  Probe  
  15  0:41  Gateway, Probe  
  16  0:47  Assimilator  
  17  0:51  Probe  
  18  1:03  Probe  
  19  1:15  Probe  
  20  1:25  Nexus  
  20  1:27  Probe  
  21  1:38  Cybernetics Core  
  21  1:42  Probe  
  22  1:47  Assimilator  
  22  1:53  Pylon  
  22  1:56  Probe  
  23  2:05  Adept  
  23  2:11  Probe  
  26  2:17  Stargate  
  26  2:23  Probe  
  26  2:25  Warp Gate  
  27  2:32  Probe  
  27  2:34  Probe  
  27  2:35  Adept  
  30  2:40  Probe  
  30  2:42  Probe  
  31  2:49  Probe  
  33  2:52  Probe  
  33  2:54  Oracle  
  35  3:02  Probe  
  35  3:04  Probe  
  39  3:14  Probe  
  39  3:16  Pylon, Probe  
  41  3:26  Phoenix, Probe  
  42  3:28  Probe  
  42  3:31  Gateway  
  45  3:38  Probe  
  45  3:40  Probe  
  45  3:41  Assimilator  
  47  3:43  Oracle, Assimilator  
  47  3:48  Pylon  
  47  3:50  Probe  
  47  3:52  Probe  
  52  4:02  Probe  
  53  4:04  Probe  
  53  4:09  Robotics Facility  
  54  4:13  Oracle  
  54  4:14  Probe  
  54  4:16  Probe  
  59  4:26  Pylon, Probe  
  60  4:31  Nexus  
  60  4:35  Probe  
  60  4:36  Pylon  
  61  4:43  Probe  
  62  4:48  Probe  
  62  4:49  Warp Prism, Sentry x2  
  67  4:55  Probe  
  67  4:56  Pylon  
  70  5:00  Probe  
  71  5:07  Probe  
  71  5:12  Probe  
  73  5:14  Forge, Twilight Council  
  73  5:19  Probe  
  73  5:20  Immortal  
  74  5:24  Probe  
  79  5:30  Protoss Ground Weapons Level 1  
  79  5:31  Probe  
  77  5:36  Probe  
  78  5:43  Probe  
  78  5:44  Probe  
  78  5:45  Charge  
  78  5:47  Gateway x2  
  78  5:48  Probe  
  81  5:51  Probe  
  81  5:55  Observer, Templar Archives  
  81  5:56  Probe  
  83  6:00  Probe x2  
  86  6:08  Probe, Assimilator  
  86  6:10  Probe  
  87  6:12  Probe, Assimilator  
  87  6:15  Pylon  
  89  6:19  Immortal  
  89  6:20  Probe  
  89  6:22  Probe  
  89  6:24  Probe  
  96  6:26  Gateway  
  96  6:29  Gateway  
  96  6:34  Pylon  
  96  6:43  High Templar x4  
  104  6:49  Gateway  
  104  6:50  Archon x2  
  104  6:52  Gateway  
  104  6:55  Psionic Storm, Gateway  
  104  6:58  Photon Cannon, Gateway  
  104  6:59  Pylon  
  104  7:01  Pylon  
  104  7:02  Pylon  
  104  7:04  Pylon  
  104  7:05  Immortal  
  108  7:20  Zealot x2, High Templar x2  
  116  7:28  High Templar  
  118  7:33  Warp Prism  
  118  7:37  Protoss Ground Weapons Level 2  
  118  7:39  Nexus  
  118  7:40  High Templar  
  118  7:41  Pylon  
  122  7:52  High Templar  
  122  7:54  High Templar  
  122  7:57  Photon Cannon  
  126  7:58  Photon Cannon  
  126  8:04  Photon Cannon  
  126  8:06  Photon Cannon  
  126  8:08  Photon Cannon  
  126  8:11  Shield Battery, Stalker  
  126  8:12  Stalker  
  130  8:14  Shield Battery  
  130  8:15  Pylon  
  130  8:18  Assimilator  
  130  8:20  Probe x3  
  130  8:23  Assimilator  
  133  8:31  Zealot x2  
  133  8:32  Probe x3  
  140  8:36  High Templar x2  
  140  8:39  Pylon  
  141  8:42  Pylon, Archon  
  141  8:48  Pylon  
  141  8:50  Pylon  
  141  8:51  Pylon  
  141  8:52  Pylon  
  141  8:54  Zealot x8  
  155  9:05  Immortal  
  141  9:16  Zealot x7  
  151  9:29  Archon  
  151  9:31  Zealot  
  151  9:32  High Templar x2  
  151  9:36  Archon  
  151  9:37  Fleet Beacon, High Templar x3  
  151  9:38  Stargate, High Templar, Zealot  
  163  9:39  Zealot x2  
  163  9:42  Archon  
  163  9:45  Observer, Archon  
  166  10:01  Zealot x4  
  166  10:04  Zealot x2  
  172  10:11  Stargate  
  164  10:21  Carrier  
  164  10:23  Nexus  
  164  10:24  Carrier  
  164  10:25  Pylon  
  172  10:30  Zealot x4  
  190  10:55  Photon Cannon  
  190  10:57  Photon Cannon  
  190  10:59  Photon Cannon  
  190  11:00  Shield Battery  
  190  11:03  Pylon  
  196  11:06  Assimilator  
  190  11:19  Zealot x5  
  194  11:27  Zealot x5  
Show
View Real Time Build Order
Export as new Build Order

NYK Zerg 

Build Orders: Hatch First, Lurkers 

Get SALT Encoding   

  12  0:00  Drone  
  13  0:17  Overlord  
  13  0:25  Drone  
  14  0:41  Drone x3  
  17  0:57  Drone, Hatchery  
  17  1:03  Drone  
  18  1:16  Spawning Pool  
  17  1:19  Drone, Extractor  
  17  1:29  Drone  
  18  1:42  Overlord  
  18  1:53  Overlord  
  18  1:59  Drone  
  19  2:05  Queen  
  21  2:10  Queen  
  21  2:11  Zergling x4  
  25  2:21  Drone x2  
  27  2:25  Metabolic Boost  
  27  2:45  Hatchery  
  27  2:51  Drone x3  
  29  3:01  Drone x2  
  29  3:02  Drone  
  32  3:07  Spore Crawler  
  32  3:11  Queen  
  34  3:25  Overlord, Drone  
  34  3:26  Drone x5  
  39  3:33  Pneumatized Carapace  
  39  3:39  Drone x4  
  43  3:42  Spore Crawler  
  43  3:46  Spore Crawler  
  41  3:49  Overlord  
  41  3:58  Overlord  
  41  3:59  Drone  
  41  4:00  Drone  
  41  4:01  Queen  
  45  4:07  Overlord  
  45  4:09  Drone x3  
  48  4:18  Queen  
  50  4:24  Spore Crawler  
  50  4:25  Drone x5  
  50  4:27  Drone  
  55  4:34  Lair  
  55  4:37  Drone x3  
  58  4:39  Drone  
  58  4:40  Drone  
  60  4:45  Queen  
  61  4:53  Drone x4  
  61  4:54  Overlord  
  61  4:58  Extractor  
  61  4:59  Extractor  
  63  5:04  Drone  
  63  5:05  Drone  
  63  5:06  Overlord  
  65  5:09  Evolution Chamber  
  64  5:18  Drone x7  
  71  5:23  Overlord  
  71  5:24  Hatchery  
  61  5:43  Drone x2  
  61  5:46  Zerg Melee Weapons Level 1  
  61  5:48  Extractor, Drone x10  
  72  5:50  Hydralisk Den, Extractor  
  72  5:52  Extractor  
  72  5:56  Overlord  
  69  6:03  Zergling x10  
  70  6:12  Zergling x6  
  70  6:17  Drone x3  
  76  6:19  Grooved Spines  
  76  6:22  Baneling Nest  
  75  6:27  Drone  
  75  6:40  Drone  
  75  6:41  Drone x3  
  75  6:42  Hydralisk  
  75  6:43  Hydralisk x5  
  90  6:56  Hydralisk x5  
  90  7:00  Overlord  
  100  7:13  Hydralisk x2  
  100  7:15  Overlord x2  
  103  7:16  Overlord  
  103  7:18  Centrifical Hooks  
  103  7:20  Overlord  
  103  7:26  Drone x3  
  103  7:27  Drone  
  107  7:31  Muscular Augments  
  107  7:32  Lurker Den  
  106  7:40  Overlord  
  106  7:42  Hydralisk x4  
  114  7:46  Zerg Missile Weapons Level 1  
  113  7:54  Baneling  
  113  7:55  Baneling x9  
  113  7:56  Baneling  
  113  7:58  Drone x4  
  117  7:59  Drone  
  117  8:00  Drone  
  117  8:01  Drone  
  117  8:03  Drone  
  117  8:04  Overseer  
  121  8:15  Drone x3  
  121  8:16  Drone x3  
  127  8:21  Overlord  
  127  8:22  Zergling x2  
  127  8:23  Zergling x14  
  135  8:28  Overlord  
  135  8:30  Overlord  
  134  8:35  Overlord  
  134  8:37  Extractor  
  134  8:39  Extractor  
  132  8:47  Hatchery  
  131  8:52  Overlord x2  
  131  8:53  Infestation Pit  
  130  8:56  Zergling x2  
  130  8:57  Zergling x24  
  140  9:03  Hydralisk x4  
  138  9:13  Lurker x9  
  137  9:26  Zergling x2  
  137  9:27  Zergling x16  
  140  9:38  Drone  
  140  9:39  Drone x3  
  140  9:44  Hatchery  
  137  9:56  Hydralisk x5  
  146  10:05  Overseer  
  146  10:14  Hive  
  137  10:25  Zergling x14, Hatchery  
  143  10:33  Lurker x5  
  143  10:34  Hydralisk  
  150  10:50  Baneling  
  150  10:51  Baneling x4  
  150  10:52  Baneling x9, Hydralisk x2  
  152  11:07  Hydralisk  
  152  11:08  Hydralisk x4  
  163  11:14  Drone x4  
Tags
 
Add a new tag
Caveats
  • Supply blocks, unpowered buildings, or Contaminate may cause inaccurate times.
  • Supply counts are checked every 10 seconds.